 Dungeon Crawl Stone Soup version 0.30.1-3-gfc49f6343a (webtiles) character file.

Game seed: 8979613528820642092

121 leafyfresh the Covert (level 5, -1/47 HPs)
             Began as a Gnoll Delver on Aug 4, 2023.
             Splashed by a jelly's acid (2 damage)
             ... on level 5 of the Dungeon.
             The game lasted 00:00:53 (1055 turns).

leafyfresh the Covert (Gnoll Delver)                Turns: 1055, Time: 00:00:54

Health: -1/47      AC: -8    Str: 11    XL:     5   Next: 5%
Magic:  7/7        EV: 13    Int:  9    God:
Gold:   37         SH:  0    Dex: 16    Spells: 6/6 levels left

rFire   . .          .
                       - Unarmed
rCold   . . .        (no shield)
rNeg    . . .        a - +0 leather armour
rPois   .            (no helmet)
rElec   .            (no cloak)
rCorr   .            (no gloves)
SInv    .            (no boots)
Will    .....        (no amulet)
Stlth   ++++         (no ring)
HPRegen 0.27/turn    (no ring)
MPRegen 0.10/turn

%: no passive effects
@: corroded
A: fangs 1, strong nose, distributed training
a: no special abilities


You were on level 5 of the Dungeon.
You visited 1 branch of the dungeon, and saw 1 of its levels.

You collected 37 gold pieces.

Inventory:

Armour
 a - a +0 leather armour (worn)
Jewellery
 g - a ring of fire
Wands
 f - a wand of digging (3)
 h - a wand of iceblast (7)
Scrolls
 b - a scroll of fog
 c - a scroll of magic mapping
 d - 2 scrolls of fear
 l - a scroll of enchant armour {unknown}
Potions
 e - a potion of haste
 i - a potion of brilliance {unknown}
 j - a potion of curing {unknown}
 k - a potion of degeneration {unknown}


   Skills:
 + Level 6.6 Fighting
 + Level 1.4 Short Blades
 + Level 1.4 Long Blades
 + Level 1.4 Axes
 + Level 1.4 Maces & Flails
 + Level 1.4 Polearms
 + Level 1.4 Staves
 + Level 1.4 Ranged Weapons
 + Level 1.4 Throwing
 + Level 1.4 Armour
 + Level 4.7 Dodging
 + Level 9.6 Stealth
 + Level 1.4 Shields
 + Level 4.7 Unarmed Combat
 + Level 1.4 Spellcasting
 + Level 1.1 Conjurations
 + Level 1.1 Hexes
 + Level 1.1 Summonings
 + Level 1.1 Necromancy
 + Level 1.1 Translocations
 + Level 1.1 Transmutations
 + Level 1.1 Fire Magic
 + Level 1.1 Ice Magic
 + Level 1.1 Air Magic
 + Level 1.1 Earth Magic
 + Level 1.1 Poison Magic
 + Level 1.5 Invocations
 + Level 1.4 Evocations


You had 6 spell levels left.
You didn't know any spells.
Your spell library was empty.

Dungeon Overview and Level Annotations

Branches:
Dungeon (5/15)
 Temple: D:4-7

Altars:


Innate Abilities, Weirdness & Mutations

You have very sharp teeth.
Your uncanny sense of smell can sniff out nearby items.
Your experience applies equally to all skills.


Message History

A jelly comes into view.
Found a scroll labelled NINUATR PIRIGO.
A jelly is nearby!
A jelly is nearby!
A jelly is nearby!
The helpless jelly fails to defend itself.
You hit the jelly. The acid corrodes you!
Your hands burn!
The jelly is lightly wounded.
You hit the jelly but do no damage.
Your hands burn!
The jelly is lightly wounded.
The jelly closely misses you.
You barely miss the jelly.
The jelly is lightly wounded.
The jelly hits you.
You are splashed with acid!
You hit the jelly but do no damage.
Your hands burn!
You bite the jelly, but do no damage.
The jelly is lightly wounded.
The jelly hits you.
You are splashed with acid!
You are too injured to fight recklessly!
You are too injured to fight recklessly!
You are too injured to fight recklessly!
You are too injured to fight recklessly!
You are too injured to fight recklessly!
Unknown command.
You hit the jelly but do no damage.
Your hands burn!
The jelly is lightly wounded.
The jelly hits you.
* * * LOW HITPOINT WARNING * * *
The acid corrodes you!
You are splashed with acid!
* * * LOW HITPOINT WARNING * * *
You hit the jelly. The acid corrodes you!
Your hands burn!
* * * LOW HITPOINT WARNING * * *
The jelly is moderately wounded.
The jelly closely misses you.
You hit the jelly but do no damage.
Your hands burn!
* * * LOW HITPOINT WARNING * * *
The jelly is moderately wounded.
The jelly misses you.
You hit the jelly but do no damage.
Your hands burn!
You die...

#................#.
#................#.
#................#.
#....##...###....#.
#....##...########.
#....#...........#.
#...?#...........#.
#....#...........#.
#.@..##...########.
#J...##...####...#.
#.....#......#...#.
#.....#......#...#.
#.....#......#...#.
#.....#.†....#...#.
#....#####'###...#.
#....##....###...#.
#...........#.


You could see a jelly.

Vanquished Creatures
  2 hounds (D:5)
  An iguana (D:5)
  2 adders (D:5)
  A white imp (D:5)
  A dart slug (D:5)
  3 orcs (D:5)
10 creatures vanquished.

Notes
Turn   | Place    | Note
-------+----------+-------------------------------------------
     0 | D:5      | Reached skill level 9 in Stealth
     0 | D:5      | leafyfresh the Gnoll Delver began the quest for the Orb.
     0 | D:5      | Reached XP level 1. HP: 23/23 MP: 1/1
    14 | D:5      | Noticed a hound
    40 | D:5      | Killed a hound
    41 | D:5      | Reached XP level 2. HP: 15/29 MP: 1/3
    41 | D:5      | Reached XP level 3. HP: 18/35 MP: 1/4
   202 | D:5      | Reached skill level 1 in Invocations
   403 | D:5      | Reached skill level 1 in Short Blades
   403 | D:5      | Reached skill level 1 in Long Blades
   403 | D:5      | Reached skill level 1 in Axes
   403 | D:5      | Reached skill level 1 in Maces & Flails
   403 | D:5      | Reached skill level 1 in Polearms
   403 | D:5      | Reached skill level 1 in Staves
   403 | D:5      | Reached skill level 1 in Ranged Weapons
   403 | D:5      | Reached skill level 1 in Throwing
   403 | D:5      | Reached skill level 1 in Armour
   403 | D:5      | Reached skill level 1 in Shields
   403 | D:5      | Reached skill level 1 in Spellcasting
   403 | D:5      | Reached skill level 1 in Evocations
   403 | D:5      | Reached XP level 4. HP: 31/41 MP: 5/5
   508 | D:5      | Reached skill level 1 in Conjurations
   508 | D:5      | Reached skill level 1 in Hexes
   508 | D:5      | Reached skill level 1 in Summonings
   508 | D:5      | Reached skill level 1 in Necromancy
   508 | D:5      | Reached skill level 1 in Translocations
   508 | D:5      | Reached skill level 1 in Transmutations
   508 | D:5      | Reached skill level 1 in Fire Magic
   508 | D:5      | Reached skill level 1 in Ice Magic
   508 | D:5      | Reached skill level 1 in Air Magic
   508 | D:5      | Reached skill level 1 in Earth Magic
   508 | D:5      | Reached skill level 1 in Poison Magic
   773 | D:5      | HP: 1/41 [iguana (13)]
   989 | D:5      | Reached XP level 5. HP: 47/47 MP: 7/7
  1054 | D:5      | HP: 1/47 [acid (3)]
  1055 | D:5      | Splashed by a jelly's acid

Illustrated notes

Levels and vault maps discovered:
D:5:      layout_gridville, minmay_misc_feat_room

Skill      XL: |  1  2  3  4 |
---------------+-------------+-----
Stealth        | |  9.6
Invocations    | 1 |  1.5
Short Blades   | 1 |  1.4
Long Blades    | 1 |  1.4
Axes           | 1 |  1.4
Maces & Flails | 1 |  1.4
Polearms       | 1 |  1.4
Staves         | 1 |  1.4
Ranged Weapons | 1 |  1.4
Throwing       | 1 |  1.4
Armour         | 1 |  1.4
Shields        | 1 |  1.4
Spellcasting   | 1 |  1.4
Evocations     | 1 |  1.4
Conjurations   | 1 |  1.1
Hexes          | 1 |  1.1
Summonings     | 1 |  1.1
Necromancy     | 1 |  1.1
Translocations | 1 |  1.1
Transmutations | 1 |  1.1
Fire Magic     | 1 |  1.1
Ice Magic      | 1 |  1.1
Air Magic      | 1 |  1.1
Earth Magic    | 1 |  1.1
Poison Magic   | 1 |  1.1
Fighting       | |  6.6
Dodging        | |  4.7
Unarmed Combat | |  4.7

Action                     |  1- 3 |  4- 6 || total
---------------------------+-------+-------++-------
  Melee: Unarmed           |    28 |    38 ||    66
         Bite              |     2 |     8 ||    10
         Punch             |     1 |       ||     1
   Stab: Sleeping          |       |     3 ||     3
 Armour: Leather armour    |     2 |     3 ||     5
  Dodge: Dodged            |    24 |    16 ||    40
